Map: Automaton LE

Players

Seph - Winner!

  • Race: Zerg Zerg
  • Spawn Location: 9:00

VOD

Have the link to the VOD?

Description

Time

  • Played on: Feb. 14, 2019, 8:04 p.m.
  • Length: 10:24
Show
View Real Time Build Order
Export as new Build Order

Seph Zerg - Winner!

Build Orders:  

Get SALT Encoding   

  12  0:56  Hatchery  
  11  1:25  Hatchery  
  10  1:46  Drone x3  
  13  2:19  Spawning Pool  
  12  2:21  Drone  
  13  2:43  Evolution Chamber  
  12  3:25  Queen  
  12  3:29  Zergling x6  
  17  3:35  Drone x3  
  20  3:46  Extractor  
  19  3:50  Drone x2  
  19  3:51  Drone  
  21  4:28  Zergling x6  
  23  4:46  Zergling x2  
  22  5:16  Zergling x2  
  22  5:17  Zergling x2  
  24  5:26  Zergling x2  
  24  5:32  Overlord x3  
  23  5:48  Zergling x6  
  24  6:09  Zergling x2  
  23  6:21  Zergling x4  
  23  6:22  Zergling x4  
  26  6:40  Zergling x2  
  24  7:00  Zergling x2  
  24  7:19  Zergling x6  
  26  7:26  Zergling x2  
  24  7:46  Zergling x2  
  25  7:50  Zergling x6  
  27  8:17  Zergling x4  
  28  8:45  Zergling x4  
  28  8:46  Zergling x4  
Tags
 
Add a new tag
Caveats
  • Supply blocks, unpowered buildings, or Contaminate may cause inaccurate times.
  • Supply counts are checked every 10 seconds.